 Dungeon Sprint DCSS version 0.23.0-3-gf3c87f2 (webtiles) character file.

Game seed: 18328379154453261602

31600000 nuthulu the Conqueror (level 27, -13/249 HPs)
             Began as a Demonspawn Fighter on Feb 24, 2019.
             Was the Champion of Makhleb.
             Killed from afar by a large bag of meat (18 damage)
             ... with an exploding inner flame
             ... in the Dungeon (Sprint VIII: "Arena of Blood").
             The game lasted 00:05:57 (316 turns).

nuthulu the Conqueror (Demonspawn Fighter)           Turns: 316, Time: 00:05:58

Health: -13/249    AC: 13    Str: 27    XL:     27
Magic:  54/54      EV: 33    Int: 10    God:    Makhleb [******]
Gold:   0          SH:  0    Dex: 21    Spells: 80/80 levels left

rFire    . . .     SeeInvis .   l - +∞ Axe of Woe
rCold    . . .     Gourm    .   (shield currently unavailable)
rNeg     . . .     Faith    .   b - +0 scale mail
rPois    .         Spirit   .   (helmet unavailable)
rElec    .         Reflect  .   (no cloak)
rCorr    .         Harm     .   (no gloves)
MR       ++...     NoTele   +   (no boots)
Stlth    ++++++++++             (no amulet)
HPRegen  8.51/turn              m - +30 ring of slaying
MPRegen  0.34/turn              n - +30 ring of slaying

@: no status effects
A: horns 3, thin skeletal structure 3, nightstalker 3, powered by death 3,
augmentation 3
a: Minor Destruction, Lesser Servant of Makhleb, Major Destruction, Greater
Servant of Makhleb, Renounce Religion


You were in the Dungeon.
You worshipped Makhleb.
Makhleb was exalted by your worship.
You were not hungry.

You visited 1 branch

Inventory:

Hand Weapons
 a - a +0 war axe
 l - the +∞ Axe of Woe (weapon)
   (You found it in the Dungeon)
Armour
 b - a +0 scale mail (worn)
 c - a +0 shield
Jewellery
 m - a +30 ring of slaying (left hand)
 n - a +30 ring of slaying (right hand)
 o - a +200 ring of slaying
 p - a +30 ring of slaying
 q - a +30 ring of slaying
 r - a +30 ring of slaying
 s - a +30 ring of slaying
 t - a +30 ring of slaying
 u - a +30 ring of slaying
 v - a +30 ring of slaying
 w - a +100 ring of slaying
 x - a +100 ring of slaying
 y - a +30 ring of slaying
 z - a +30 ring of slaying
 A - a +30 ring of slaying
 B - a +30 ring of slaying
 C - a +30 ring of slaying
 D - a +30 ring of slaying
 E - a +30 ring of slaying
 F - a +30 ring of slaying
 G - a +30 ring of slaying
 H - a +30 ring of slaying
 I - a +30 ring of slaying
 J - a +30 ring of slaying
 K - a +30 ring of slaying
 L - a +30 ring of slaying
 M - a +30 ring of slaying
 N - a +30 ring of slaying
 O - a +30 ring of slaying
 P - a +30 ring of slaying
 Q - a +30 ring of slaying
Scrolls
 k - a scroll of blinking
Potions
 d - a potion of might
 e - a potion of curing
 g - a potion of heal wounds
 h - a potion of haste
 i - 2 potions of magic
 j - a potion of berserk rage
Comestibles
 f - a ration


   Skills:
 O Level 27 Fighting
 O Level 27 Axes
 O Level 27 Throwing
 O Level 27 Armour
 O Level 27 Dodging
 O Level 27 Stealth
 O Level 27 Shields
 O Level 27 Unarmed Combat
 O Level 27 Spellcasting
 O Level 27 Invocations


You had 80 spell levels left.
You didn't know any spells.
Your spell library was empty.

Dungeon Overview and Level Annotations

Branches:
Dungeon (1/1)

Altars:
Makhleb


Innate Abilities, Weirdness & Mutations

You have a pair of large horns on your head.
You have an unnaturally thin skeletal structure. (Dex +6, Stealth++)
You are completely attuned to the shadows.
You regenerate a lot of health from kills.
Your magical and physical power is greatly enhanced at high health.


Message History

You hear a shout! x4
You hear a shout! x2
You hear a shout!
A bag of meat comes into view. It is wielding a +9 war axe.
A large bag of meat comes into view. It is wielding a +9 giant spiked club.
Unknown command.
The large bag of meat shouts in stereo!
You hear a shout! x2
A bag of meat comes into view. It is wielding a +9 war axe.
You hear a shout! x2
The large bag of meat hits you with a +9 giant spiked club!!!!
Ouch! That really hurt!
The large bag of meat hits you with a +9 giant spiked club!!!!
* * * LOW HITPOINT WARNING * * *
The bag of meat shouts!
You dice the large bag of meat like an onion!!!
You dissect the large bag of meat like a pig carcass.
The large bag of meat explodes!
The fiery explosion engulfs the bag of meat!!!
The fiery explosion engulfs you!!
You die...

... #.....))#
....###))..)))###
......)%))###))...
..#...%).)%_).....
...#.....))#%).).#...
#..........#_)<._#...
.oo#§.....%#)))..# ..
...§§#.....))._......
..§§@.....)..###.....
........###.... ..###
..........#.......#
.......o..#..... .#
.#............. ..
.#.#.....


You could see 3 bags of meat.

Vanquished Creatures
  3 vampire knights (D)
  19 ogres (D)
  4 two-headed ogres (D)
  101 orcs (D)
127 creatures vanquished.

Notes
Turn   | Place    | Note
-------+----------+-------------------------------------------
     0 | D        | Found the +∞ Axe of Woe
     0 | D        | nuthulu the Demonspawn Fighter began the quest for the Orb.
     0 | D        | Reached XP level 1. HP: 18/18 MP: 1/1
     1 | D        | Noticed a bag of meat
     1 | D        | Noticed a bag of meat
     2 | D        | Noticed a bag of meat
     3 | D        | Noticed a bag of meat
     3 | D        | Noticed a bag of meat
     4 | D        | Noticed a bag of meat
     5 | D        | Noticed a bag of meat
     9 | D        | Killed a bag of meat
     9 | D        | Gained mutation: You have a pair of small horns on your
                  | head. [demonic ancestry]
     9 | D        | Reached XP level 2. HP: 40/40 MP: 2/2
     9 | D        | Reached XP level 3. HP: 46/46 MP: 3/3
     9 | D        | Reached XP level 4. HP: 53/53 MP: 4/4
     9 | D        | Reached XP level 5. HP: 59/59 MP: 5/5
     9 | D        | Reached XP level 6. HP: 66/66 MP: 6/6
     9 | D        | Reached XP level 7. HP: 72/72 MP: 7/7
     9 | D        | Gained mutation: You have a somewhat thin skeletal
                  | structure. (Dex +2, Stealth) [demonic ancestry]
     9 | D        | Reached XP level 8. HP: 79/79 MP: 8/8
     9 | D        | Reached XP level 9. HP: 85/85 MP: 9/9
     9 | D        | Gained mutation: You have a moderately thin skeletal
                  | structure. (Dex +4, Stealth+) [demonic ancestry]
     9 | D        | Reached XP level 10. HP: 92/92 MP: 10/10
     9 | D        | Reached XP level 11. HP: 98/98 MP: 11/11
    10 | D        | Killed a bag of meat
    10 | D        | Reached skill level 15 in Fighting
    10 | D        | Gained mutation: You are slightly more attuned to the
                  | shadows. [demonic ancestry]
    10 | D        | Reached XP level 12. HP: 77/110 MP: 12/12
    10 | D        | Killed a bag of meat
    10 | D        | Reached skill level 15 in Axes
    10 | D        | Reached skill level 15 in Armour
    10 | D        | Reached skill level 15 in Dodging
    10 | D        | Reached skill level 15 in Shields
    10 | D        | Gained mutation: You are significantly more attuned to the
                  | shadows. [demonic ancestry]
    10 | D        | Reached XP level 13. HP: 83/119 MP: 13/13
    10 | D        | Killed a bag of meat
    10 | D        | Gained mutation: You regenerate a little health from kills.
                  | [demonic ancestry]
    10 | D        | Reached XP level 14. HP: 90/129 MP: 14/14
    11 | D        | Became a worshipper of Makhleb the Destroyer
    12 | D        | Killed a bag of meat
    12 | D        | Killed a bag of meat
    12 | D        | Reached * piety under Makhleb
    12 | D        | Reached XP level 15. HP: 58/139 MP: 15/15
    27 | D        | Reached ** piety under Makhleb
    27 | D        | Gained mutation: You regenerate health from kills. [demonic
                  | ancestry]
    27 | D        | Reached XP level 16. HP: 152/152 MP: 16/16
    30 | D        | Noticed a large bag of meat
    42 | D        | Killed a large bag of meat
    42 | D        | Gained mutation: You have a pair of horns on your head.
                  | [demonic ancestry]
    42 | D        | Reached XP level 17. HP: 164/164 MP: 17/17
    43 | D        | Noticed a meat berserker
    46 | D        | Killed a meat berserker
    46 | D        | Reached *** piety under Makhleb
    53 | D        | Gained mutation: You have a pair of large horns on your
                  | head. [demonic ancestry]
    53 | D        | Reached XP level 18. HP: 177/177 MP: 18/18
    55 | D        | Reached **** piety under Makhleb
    56 | D        | Noticed a meat berserker
    59 | D        | Killed a meat berserker
    63 | D        | Reached skill level 27 in Fighting
    63 | D        | Gained mutation: You are completely attuned to the shadows.
                  | [demonic ancestry]
    63 | D        | Reached XP level 19. HP: 189/189 MP: 19/19
    75 | D        | Noticed a meat berserker
    78 | D        | Killed a meat berserker
    78 | D        | Reached ***** piety under Makhleb
    84 | D        | Noticed a destroyer
    90 | D        | Killed a destroyer
    90 | D        | Reached skill level 27 in Axes
    90 | D        | Reached skill level 27 in Armour
    90 | D        | Reached skill level 27 in Dodging
    90 | D        | Reached skill level 27 in Shields
    90 | D        | Reached XP level 20. HP: 197/197 MP: 21/34
    92 | D        | Noticed a meat berserker
    95 | D        | Killed a meat berserker
   101 | D        | Reached skill level 27 in Invocations
   109 | D        | Noticed a meat berserker
   112 | D        | Killed a meat berserker
   112 | D        | Reached skill level 27 in Stealth
   112 | D        | Reached skill level 10 in Throwing
   112 | D        | Reached skill level 10 in Unarmed Combat
   112 | D        | Reached skill level 10 in Spellcasting
   112 | D        | Reached XP level 21. HP: 204/204 MP: 26/38
   117 | D        | Noticed a large bag of meat
   122 | D        | Killed a large bag of meat
   122 | D        | Reached ****** piety under Makhleb
   132 | D        | Gained mutation: Your magical and physical power is
                  | slightly enhanced at high health. [demonic ancestry]
   132 | D        | Reached XP level 22. HP: 212/212 MP: 31/45
   163 | D        | Gained mutation: You regenerate a lot of health from kills.
                  | [demonic ancestry]
   163 | D        | Reached XP level 23. HP: 219/219 MP: 40/52
   166 | D        | Reached skill level 27 in Throwing
   166 | D        | Reached skill level 27 in Unarmed Combat
   166 | D        | Reached skill level 27 in Spellcasting
   177 | D        | Reached XP level 24. HP: 227/227 MP: 44/54
   214 | D        | Noticed a large bag of meat
   215 | D        | Gained mutation: Your magical and physical power is
                  | enhanced at high health. [demonic ancestry]
   215 | D        | Reached XP level 25. HP: 234/234 MP: 54/54
   217 | D        | Gained mutation: You have an unnaturally thin skeletal
                  | structure. (Dex +6, Stealth++) [demonic ancestry]
   217 | D        | Reached XP level 26. HP: 242/242 MP: 54/54
   218 | D        | Killed a large bag of meat
   221 | D        | Gained mutation: Your magical and physical power is greatly
                  | enhanced at high health. [demonic ancestry]
   221 | D        | Reached XP level 27. HP: 249/249 MP: 54/54
   249 | D        | Noticed a large bag of meat
   254 | D        | Killed a large bag of meat
   260 | D        | Noticed a destroyer
   265 | D        | Killed a destroyer
   277 | D        | Noticed a destroyer
   283 | D        | Killed a destroyer
   313 | D        | Noticed a large bag of meat
   315 | D        | HP: 5/249 [large bag of meat/+9 giant spiked club (116)]
   316 | D        | Killed a large bag of meat
   316 | D        | Killed from afar by a large bag of meat

Skill      XL: |  1  2  3  4  5  6  7  8  9 10 11 12 13 14 15 16 17 18 19 20 21 22 23 |
---------------+----------------------------------------------------------------------+-----
Fighting       | 13 15 16 17 19 21 23 25 27 | 27.0
Axes           | 12 14 15 16 18 20 21 23 25 27 | 27.0
Armour         | 12 14 15 16 18 20 21 23 25 27 | 27.0
Dodging        | 12 14 15 16 17 20 21 23 25 27 | 27.0
Shields        | 12 14 15 16 18 20 21 23 25 27 | 27.0
Stealth        | 17 27 | 27.0
Invocations    | 21 27 | 27.0
Throwing       | 10 19 25 27 | 27.0
Unarmed Combat | 10 19 25 27 | 27.0
Spellcasting   | 10 19 25 27 | 27.0

Action                   |  1- 3 |  4- 6 |  7- 9 | 10-12 | 13-15 | 16-18 | 19-21 | 22-24 | 25-27 || total
-------------------------+-------+-------+-------+-------+-------+-------+-------+-------+-------++-------
Melee: Executioner's axe |     1 |       |       |     1 |     4 |     8 |    12 |    17 |    47 ||    90
 Stab: Distracted        |       |       |       |       |       |       |       |       |     1 ||     1
Dodge: Dodged            |       |       |       |       |       |     1 |     1 |     4 |     4 ||    10
